 Dungeon Crawl Stone Soup version 0.31-a0-204-g7da18cac08 (webtiles) character file.

Game seed: 12474303574682859450

654 qw the Skirmisher (level 7, -1/40 HPs)
             Began as a Deep Elf Hunter on June 27, 2023.
             Was an Initiate of Okawaru.
             Slain by a black bear (4 damage)
             ... on level 5 of the Dungeon.
             The game lasted 00:01:47 (3933 turns).

qw the Skirmisher (Deep Elf Hunter)                 Turns: 3933, Time: 00:01:47

Health: -1/40      AC:  5    Str: 10    XL:     7   Next: 29%
Magic:  10/10      EV: 11    Int: 14    God:    Okawaru [......]
Gold:   151        SH:  0    Dex: 18    Spells: 6/6 levels left

rFire   . . .        Y - +1 shortbow
rCold   . . .        (shield currently unavailable)
rNeg    . . .        i - +0 ring mail
rPois   .            (no helmet)
rElec   .            (no cloak)
rCorr   .            (no gloves)
SInv    .            (no boots)
Will    .....        g - amulet of regeneration
Stlth   +            (no ring)
HPRegen 1.06/turn    (no ring)
MPRegen 0.12/turn

%: no passive effects
@: no status effects
A: no striking features
a: Renounce Religion


You were on level 5 of the Dungeon.
You worshipped Okawaru.
Okawaru was noncommittal.
You visited 2 branches of the dungeon, and saw 6 of its levels.

You collected 192 gold pieces.
You spent 41 gold pieces at shops.


   Skills:
 - Level 2.0 Fighting
 + Level 11.0 Ranged Weapons
 - Level 3.0 Dodging
 - Level 1.2 Stealth
 - Level 1.7 Invocations


You had 6 spell levels left.
You didn't know any spells.
Your spell library was empty.

Inventory:

Hand Weapons
 Y - a +1 shortbow (weapon)
Armour
 i - a +0 ring mail (worn)
Jewellery
 a - a +6 ring of strength
 b - a +4 ring of protection
 g - an amulet of regeneration (around neck)
Scrolls
 d - a scroll of identify
 e - a scroll of brand weapon {unknown}
 h - a scroll of immolation {unknown}
 j - a scroll of teleportation {unknown}
Potions
 c - a potion of ambrosia {unknown}
 f - 2 potions of heal wounds {unknown}
 l - a potion of resistance
 m - a potion of lignification {unknown}

Dungeon Overview and Level Annotations

Branches:
Dungeon (5/15)             Temple (1/1) D:4

Altars:
Ashenzari
Cheibriados
Dithmenos
Elyvilon
Fedhas
Gozag
Hepliaklqana
Kikubaaqudgha
Makhleb
Nemelex Xobeh
Okawaru
Qazlal
Ru
Sif Muna
Trog
Uskayaw
Vehumet
Wu Jian
Xom
Yredelemnul
Zin
The Shining One

Shops:
D:2 *

Annotations:
D:4 exclusion: gnoll


Message History

The iguana is lightly wounded.
A black bear comes into view.
You shoot an arrow. The black bear growls angrily.
The arrow hits the iguana.
The iguana is moderately wounded.
You shoot an arrow. The arrow hits the iguana.
The iguana is heavily wounded.
You shoot an arrow. The arrow hits the iguana.
The iguana is severely wounded.
The iguana bites you!
You shoot an arrow. The arrow hits the iguana.
The iguana is almost dead.
The iguana closely misses you.
You shoot an arrow. The arrow hits the iguana.
You kill the iguana!
Okawaru accepts your kill. The black bear bites you.
The black bear claws you but does no damage.
The black bear claws you.
Your Ranged Weapons skill increases to level 11!
You shoot an arrow.
The arrow closely misses the black bear.
The arrow closely misses the ice beast.
The black bear bites you! The black bear claws you.
The black bear closely misses you.
You shoot an arrow.
The arrow closely misses the black bear.
The ice beast hits you. The ice beast freezes you!
The black bear bites you but does no damage.
The black bear closely misses you. The black bear misses you.
You shoot an arrow. The arrow hits the black bear.
The black bear is lightly wounded.
The ice beast completely misses you. The black bear completely misses you.
The black bear barely misses you. The black bear claws you.
You shoot an arrow. The arrow hits the black bear.
The black bear is lightly wounded.
The ice beast hits you but does no damage.
The black bear barely misses you. The black bear claws you.
You die...

.##..........#
#.#
.##.#.##########
#># .##.#... ..
#.# .##.##### #.
#.# ~##.# #. #.#
~##.# #. #.# ~#
#. #.#
######Y#######.#
......h@.......#
..######.#######
#.# #.# ..# ###


You could see a black bear and an ice beast.

Vanquished Creatures
  Menkaure (D:5)
  2 scorpions
  A hound (D:4)
  A gnoll bouda (D:5)
  3 iguanas (D:5)
  9 gnolls
  6 adders
  An ufetubus (D:4)
  2 dart slugs
  6 orcs
  9 endoplasms
  12 giant cockroaches
  10 goblins
  9 hobgoblins
  12 jackals
  5 quokkas
  5 ball pythons
  11 bats
  3 frilled lizards
  7 kobolds
  8 rats
123 creatures vanquished.

Notes
Turn   | Place    | Note
-------+----------+-------------------------------------------
     0 | D:1      | qw the Deep Elf Hunter began the quest for the Orb.
     0 | D:1      | Reached XP level 1. HP: 12/12 MP: 3/3
     0 | D:1      | 0 ||| qw: Version: 0.3-a-22-g0ed2b0b
     0 | D:1      | 0 ||| qw: Game counter: 6604
     0 | D:1      | 0 ||| qw: Melee chars always use a shield: true
     0 | D:1      | 0 ||| qw: God list: Okawaru
     0 | D:1      | 0 ||| qw: Allow faded altars: false
     0 | D:1      | 0 ||| qw: Do Orc after clearing Dungeon:15 true
     0 | D:1      | 0 ||| qw: Do second Lair branch before Depths: true
     0 | D:1      | 0 ||| qw: Lair rune preference: random
     0 | D:1      | 0 ||| qw: Goals: Normal
     0 | D:1      | 0 ||| PLANNING D:1-11
    11 | D:1      | 11 ||| DROPPING +2 sling of draining.
    91 | D:1      | Reached XP level 2. HP: 16/16 MP: 4/4
   100 | D:1      | Reached skill level 6 in Ranged Weapons
   379 | D:1      | Reached XP level 3. HP: 20/20 MP: 5/5
   666 | D:1      | 666 ||| UPGRADING to amulet of regeneration.
   671 | D:1      | 671 ||| READING scroll labelled VUTSIANIPS.
   672 | D:1      | 672 ||| READING scroll labelled JIOLAS BIWNUME.
   673 | D:1      | 673 ||| DROPPING scroll of butterflies.
   788 | D:2      | Reached skill level 7 in Ranged Weapons
   829 | D:2      | Found Oraogiad's Assorted Antiques.
   839 | D:2      | 839 ||| BUYING gluggy blue potion (19 gold).
   839 | D:2      | Bought a gluggy blue potion for 19 gold pieces
   839 | D:2      | 839 ||| SHOPLISTING ring mail (88 gold, have 23).
   839 | D:2      | 839 ||| BUYING scroll labelled ESIBBE JOCZE (22 gold).
   839 | D:2      | Bought a scroll labelled ESIBBE JOCZE for 22 gold pieces
   839 | D:2      | 839 ||| SHOPLISTING scroll labelled FOMANOR XOJIL (22 gold,
                  | have 1).
   923 | D:2      | Reached XP level 4. HP: 22/25 MP: 6/6
  1425 | D:2      | 1425 ||| READING scroll labelled ESIBBE JOCZE.
  1426 | D:2      | 1426 ||| READING 2 scrolls labelled QUUC HEIPSU.
  1427 | D:2      | 1427 ||| READING scroll labelled TEL NOCYADU.
  1428 | D:2      | 1428 ||| DROPPING scroll of noise.
  1634 | D:3      | Reached skill level 8 in Ranged Weapons
  1706 | D:3      | 1706 ||| FLEEEEING.
  1782 | D:3      | Found a basalt altar of Yredelemnul.
  1974 | D:3      | 1974 ||| UPGRADING to +0 ring mail.
  1994 | D:3      | 1994 ||| UPGRADING to +0 leather armour.
  1999 | D:3      | 1999 ||| UPGRADING to +0 ring mail.
  2009 | D:3      | 2009 ||| DROPPING +0 leather armour.
  2197 | D:3      | 2197 ||| READING scroll labelled PITSOSCH ULAR.
  2198 | D:3      | 2198 ||| READING scroll labelled XYQAET RECAS.
  2299 | D:3      | 2299 ||| READING scroll labelled SAGAMU JERPHIAJUUR.
  2309 | D:3      | 2309 ||| READING scroll labelled VOKIRE VEGOY.
  2310 | D:3      | 2310 ||| READING scroll labelled TOTTAUGUNIT.
  2311 | D:3      | 2311 ||| DRINKING 3 green potions.
  2312 | D:3      | 2312 ||| DROPPING 2 potions of attraction.
  2344 | D:4      | 2344 ||| STAIRDANCE
  2355 | D:4      | Found a staircase to the Ecumenical Temple.
  2356 | D:4      | 2356 ||| PLANNING TEMPLE
  2374 | Temple   | Entered the Ecumenical Temple
  2388 | Temple   | 2388 ||| PLANNING OKAWARU WORSHIP
  2451 | Temple   | Became a worshipper of Warmaster Okawaru
  2452 | Temple   | 2452 ||| PLANNING D:1-11
  2526 | D:4      | Reached XP level 5. HP: 24/29 MP: 7/7
  2731 | D:4      | 2731 ||| FLEEEEING.
  2734 | D:4      | 2734 ||| FLEEEEING.
  2735 | D:4      | 2735 ||| FLEEEEING.
  2789 | D:4      | Reached skill level 9 in Ranged Weapons
  3063 | D:4      | 3063 ||| Stepping ~*~*~tactically~*~*~ (outnumbered).
  3066 | D:4      | 3066 ||| Stepping ~*~*~tactically~*~*~ (outnumbered).
  3069 | D:4      | Reached XP level 6. HP: 25/35 MP: 8/8
  3072 | D:4      | 3072 ||| READING scroll labelled XEFACWU REBU.
  3161 | D:4      | HP: 7/35 [gnoll/+0 halberd (9)]
  3220 | D:4      | 3220 ||| DRINKING 2 fuming yellow potions.
  3221 | D:4      | 3221 ||| READING 2 scrolls of identify.
  3221 | D:4      | 3221 ||| IDENTIFYING gluggy blue potion
  3222 | D:4      | 3222 ||| DROPPING potion of invisibility.
  3267 | D:5      | Entered Level 5 of the Dungeon
  3268 | D:5      | 3268 ||| PLANNING SEWER
  3281 | D:5      | Noticed Menkaure
  3295 | D:5      | Killed Menkaure
  3296 | D:5      | Reached skill level 10 in Ranged Weapons
  3356 | D:5      | Reached skill level 3 in Dodging
  3405 | D:5      | Reached * piety under Okawaru
  3557 | D:5      | Reached skill level 1 in Invocations
  3557 | D:5      | Reached XP level 7. HP: 33/40 MP: 9/9
  3795 | D:5      | 3795 ||| Stepping ~*~*~tactically~*~*~ (outnumbered).
  3797 | D:5      | 3797 ||| INVOKING Heroism.
  3815 | D:5      | 3815 ||| INVOKING Heroism.
  3875 | D:5      | 3875 ||| RIP SEWER
  3902 | D:5      | 3902 ||| PLANNING D:1-11
  3930 | D:5      | Reached skill level 11 in Ranged Weapons
  3931 | D:5      | HP: 4/40 [ice beast (12)]
  3933 | D:5      | Slain by a black bear

Levels and vault maps discovered:
D:1:      dpeg_arrival_renting, layout_basic, hangedman_decor_clover_reticule,
          corner_web_ring, st_stairs_10, minmay_worlds_worst_comb
D:2:      minmay_diamond_boxcup, layout_basic, serial_shops, shop
D:3:      layout_loops_ring, mainiacjoe_overflow_brackets, eino_tiny_chamber,
          hangedman_decor_push, kennysheep_minor_cross
D:4:      layout_loops_ring, minmay_temple_entry_gardened_gates,
          minmay_goblin_outpost
D:5:      layout_loops_ring, portal_sewer_entry_f, uniq_menkaure
Temple:   grunt_wide_crystal_templ

Skill      XL: |  1  2  3  4  5  6  7 |
---------------+----------------------+-----
Ranged Weapons | 6 7 8 9 10 11 | 11.0
Fighting       | 2 |  2.0
Dodging        | 3 |  3.0
Invocations    | 1 |  1.7
Stealth        | |  1.2

Action                     |  1- 3 |  4- 6 |  7- 9 || total
---------------------------+-------+-------+-------++-------
   Fire: Shortbow          |   137 |   248 |    37 ||   422
 Invoke: Heroism           |       |       |     2 ||     2
    Use: Scroll            |     2 |    10 |       ||    12
         Potion            |       |     2 |       ||     2
 Armour: Leather armour    |    11 |     7 |       ||    18
         Ring mail         |       |    27 |     7 ||    34
  Dodge: Dodged            |    44 |    94 |    15 ||   153

Table legend:
 A = Non-vault XP
 B = Vault XP
 C = Vault XP percentage of total XP
 D = Non-vault monster count
 E = Vault monster count
 F = Vault count percentage of total count
                 A         B        C        D         E       F
            +---------+---------+-------+---------+---------+-------
      Total |     709 |     226 |  24.2 |      99 |      24 |  19.5
            +---------+---------+-------+---------+---------+-------
        D:1 |      46 |      13 |  22.0 |      29 |       7 |  19.4
        D:2 |      38 |      29 |  43.3 |      18 |      10 |  35.7
        D:3 |      52 |       0 |   0.0 |      18 |       0 |   0.0
        D:4 |     259 |      10 |   3.7 |      23 |       5 |  17.9
        D:5 |     314 |     174 |  35.7 |      11 |       2 |  15.4
            +---------+---------+-------+---------+---------+-------
